Map: Gresvan LE

Players

herO - Winner!

  • Race: Protoss Protoss
  • Spawn Location: 5:00

trigger

  • Race: Protoss Protoss
  • Spawn Location: 11:00

Event: ESL SC2 Masters 2023 Summer (Finals)

VOD

Have the link to the VOD?

Description

Time

  • Played on: June 16, 2023, 10:39 a.m.
  • Length: 5:34

All games in this series

Show
View Real Time Build Order
Export as new Build Order

herO Protoss - Winner!

Build Orders: Oracle Opening 

Get SALT Encoding   

  12  0:00  Probe  
  13  0:12  Probe  
  14  0:16  Pylon  
  14  0:24  Probe (Chrono Boost)  
  15  0:36  Probe (Chrono Boost)  
  15  0:37  Gateway  
  16  0:44  Probe (Chrono Boost)  
  16  0:47  Assimilator  
  17  0:50  Probe  
  18  1:02  Probe (Chrono Boost)  
  19  1:05  Assimilator  
  19  1:11  Gateway  
  19  1:13  Probe (Chrono Boost)  
  19  1:18  Probe (Chrono Boost)  
  20  1:24  Cybernetics Core  
  21  1:29  Probe  
  22  1:37  Pylon  
  22  1:41  Probe  
  23  1:55  Probe  
  23  2:00  Adept, Warp Gate, Stalker  
  28  2:14  Pylon  
  28  2:18  Stargate  
  28  2:30  Stalker  
  28  2:37  Stalker  
  32  2:56  Pylon  
  32  2:59  Shield Battery  
  32  3:01  Oracle (Chrono Boost)  
  33  3:22  Nexus  
  33  3:24  Shield Battery  
  33  3:32  Robotics Facility  
  32  3:48  Stalker x2  
  36  4:24  Immortal (Chrono Boost)  
  39  4:34  Stalker x2  
  43  4:41  Probe x2  
  45  4:51  Immortal (Chrono Boost)  
  47  4:58  Stalker  
  49  5:01  Stalker  
  51  5:12  Shield Battery  
Show
View Real Time Build Order
Export as new Build Order

trigger Protoss 

Build Orders: Blink Stalkers 

Get SALT Encoding   

  12  0:00  Probe  
  13  0:12  Probe  
  14  0:17  Pylon  
  14  0:24  Probe (Chrono Boost)  
  16  0:36  Probe (Chrono Boost)  
  16  0:37  Gateway  
  16  0:43  Probe (Chrono Boost)  
  16  0:46  Assimilator  
  17  0:51  Probe  
  17  0:54  Assimilator  
  18  1:03  Probe (Chrono Boost)  
  19  1:07  Gateway  
  19  1:13  Probe (Chrono Boost)  
  20  1:18  Probe  
  21  1:26  Cybernetics Core  
  21  1:32  Probe  
  22  1:38  Pylon  
  22  1:44  Probe  
  23  1:56  Probe  
  24  2:02  Stalker x2  
  24  2:07  Warp Gate  
  29  2:19  Twilight Council  
  28  2:24  Pylon  
  28  2:37  Stalker  
  28  2:40  Stalker  
  31  2:51  Blink (Chrono Boost)  
  31  3:00  Probe  
  31  3:18  Pylon  
  31  3:19  Gateway  
  31  3:20  Stalker  
  33  3:29  Stalker  
  35  3:39  Gateway  
  35  3:59  Stalker  
  37  4:07  Stalker  
  34  4:13  Stalker  
  32  4:22  Stalker  
  34  4:31  Stalker  
  37  4:42  Stalker  
  38  5:00  Zealot  
  38  5:03  Stalker  
  42  5:15  Stalker  
Tags
 
Add a new tag
Caveats
  • Supply blocks, unpowered buildings, or Contaminate may cause inaccurate times.
  • Supply counts are checked every 10 seconds.